 Dungeon Crawl Stone Soup version 0.28-a0-1429-gf3d713df7a (webtiles) character file.

Game seed: 14454717824048501216

0 Gargoyl the Skirmisher (level 1, -1/23 HPs)
             Began as a Gnoll Abyssal Knight on Jan 8, 2022.
             Was a Follower of Lugonu.
             Slain by a large abomination (24 damage)
             ... on level 3 of the Abyss.
             The game lasted 00:00:23 (104 turns).

Gargoyl the Skirmisher (Gnoll Abyssal Knight)        Turns: 104, Time: 00:00:24

Health: -1/23      AC:  3    Str: 12    XL:     1   Next: 0%
Magic:  3/3        EV: 12    Int:  9    God:    Lugonu [*.....]
Gold:   0          SH:  0    Dex: 12    Spells: 0/0 levels left

rFire   . . .      SeeInvis .   a - +1 hand axe
rCold   . . .      Faith    .   (no shield)
rNeg    . . .      Spirit   .   b - +0 leather armour
rPois   .          Reflect  .   (no helmet)
rElec   .          Harm     .   (no cloak)
rCorr   .          Rampage  .   (no gloves)
Will    .....                   (no boots)
Stlth   +.........              (no amulet)
HPRegen 0.00/turn               (no ring)
MPRegen 0.08/turn               (no ring)

@: sick
A: fangs 1, strong nose, distributed training
a: Renounce Religion, Depart the Abyss


You were on level 3 of the Abyss.
You worshipped Lugonu.
Lugonu was aware of your devotion.
You visited 0 branches of the dungeon, and saw 0 of its levels.
You visited the Abyss 1 time.

Inventory:

Hand Weapons
 a - a +1 hand axe (weapon)
Armour
 b - a +0 leather armour (worn)


   Skills:
 + Level 6.4 Fighting
 + Level 0.0 Short Blades
 + Level 0.0 Long Blades
 + Level 4.4 Axes
 + Level 0.0 Maces & Flails
 + Level 0.0 Polearms
 + Level 0.0 Staves
 + Level 0.0 Slings
 + Level 0.0 Bows
 + Level 0.0 Crossbows
 + Level 0.0 Throwing
 + Level 4.4 Armour
 + Level 2.3 Dodging
 + Level 0.0 Stealth
 + Level 0.0 Shields
 + Level 0.0 Unarmed Combat
 + Level 0.0 Spellcasting
 + Level 0.0 Conjurations
 + Level 0.0 Hexes
 + Level 0.0 Summonings
 + Level 0.0 Necromancy
 + Level 0.0 Translocations
 + Level 0.0 Transmutations
 + Level 0.0 Fire Magic
 + Level 0.0 Ice Magic
 + Level 0.0 Air Magic
 + Level 0.0 Earth Magic
 + Level 0.0 Poison Magic
 + Level 4.4 Invocations
 + Level 0.0 Evocations


You couldn't memorise any spells.
You didn't know any spells.
Your spell library was empty.

Dungeon Overview and Level Annotations

Branches:
Dungeon (0/15)

Altars:


Innate Abilities, Weirdness & Mutations

You have very sharp teeth.
Your uncanny sense of smell can sniff out nearby items.
Your experience applies equally to all skills.


Message History

You enter the shallow water.
Moving in this stuff is going to be slow.
You enter the shallow water.
Moving in this stuff is going to be slow.
An ancient zyme appears in a shower of sparks.
You feel yourself growing ill in the presence of the ancient zyme.
You enter the shallow water.
Moving in this stuff is going to be slow.
You feel ill.
You feel ill.
You feel ill.
You feel ill.
You feel ill.
You feel ill.
Found a roughly hewn altar of Beogh.
Found a gateway leading deeper into the Abyss.
You feel ill.
You feel ill.
There is a roughly hewn altar of Beogh here.
There is a gateway leading deeper into the Abyss here.
You plunge deeper into the Abyss.
The abyssal rune of Zot can be found at this depth.
Found a gateway leading out of the Abyss.
A tentacled starspawn comes into view.
A tentacled starspawn is nearby!
A large abomination comes into view.
Tentacles burst from the starspawn's body! 2 starspawn tentacles come into view.
Tentacles burst from the starspawn's body! 2 starspawn tentacles come into view.
A large abomination comes into view.
A small abomination and a large abomination come into view.
A purple ugly thing comes into view.
Found a scroll labelled DESCHE LYGUO.
The purple ugly thing gurgles horribly!
The small abomination closely misses you.
A purple very ugly thing comes into view.
The large abomination hits you!!
Ouch! That really hurt!
You die...

#..##... #
#...#.#.
#.#....# .
#..#.## ..
###...##..#
#.#...#
##...##.#
#X#..# .
##@###
..≈...x..#
..?u...X..#
u...#....##
### ###+##
∆ ∆


You could see a purple very ugly thing (wandering), a purple ugly thing, 2 large
abominations and a small abomination.

Vanquished Creatures (others)
  4 starspawn tentacles (Abyss:3)
4 creatures vanquished.

Notes
Turn   | Place    | Note
-------+----------+-------------------------------------------
     0 | Abyss:1  | Gargoyl the Gnoll Abyssal Knight began the quest for the
                  | Orb.
     0 | Abyss:1  | Reached XP level 1. HP: 23/23 MP: 3/3
    20 | Abyss:2  | Noticed an ancient zyme
    86 | Abyss:3  | Noticed a tentacled starspawn
    92 | Abyss:3  | Noticed a large abomination
   101 | Abyss:3  | Noticed a large abomination
   103 | Abyss:3  | Noticed a small abomination
   103 | Abyss:3  | Noticed a large abomination
   104 | Abyss:3  | Noticed a purple ugly thing
   104 | Abyss:3  | Noticed a purple very ugly thing
   104 | Abyss:3  | Slain by a large abomination

Illustrated notes

Levels and vault maps discovered:
Abyss:3:  base: Temple, minivault_27, evilmike_abyss_exit_6,
          hangedman_abyss_or_decor_clamps, hangedman_decor_lopped,
          hangedman_abyss_overflow_altar, hangedman_abyss_or_decor_clamps

Action                   || total
-------------------------++-------
Dodge: Dodged            ||     1

Table legend: (Time is in decaauts)
 A = Elapsed time spent in this place.
 B = Non-inter-level travel time spent in this place.
 C = Inter-level travel time spent in this place.
 D = Time resting spent in this place.
 E = Time spent auto-exploring this place.
 F = Levels seen in this place.
 G = Mean time per level.
                   A        B        C        D        E       F      G
               +--------+--------+--------+--------+--------+-----+--------+
         Total |    105 |    105 |      0 |      0 |     41 |   3 |   35.0 |
         Abyss |    105 |    105 |      0 |      0 |     41 |   3 |   35.0 |
               +--------+--------+--------+--------+--------+-----+--------+

Top non-repeatable levels by time:
 Abyss:2: 50 daAuts
 Abyss:3: 47 daAuts
 Abyss:1: 7 daAuts
